 Dungeon Crawl Stone Soup version 0.24.0-37-gcf1ca852f1 (webtiles) character file.

Game seed: 4199867998992716231, levelgen mode: deterministic

86 Curus the Chopper (level 4, -1/39 HPs)
             Began as a Hill Orc Abyssal Knight on Nov 30, 2019.
             Was a Believer of Lugonu.
             Slain by a scorpion (2 damage)
             ... on level 5 of the Dungeon.
             The game lasted 00:04:57 (1831 turns).

Curus the Chopper (Hill Orc Abyssal Knight)         Turns: 1831, Time: 00:04:58

Health: -1/39      AC:  8    Str: 14    XL:     4   Next: 49%
Magic:  6/6        EV:  9    Int: 12    God:    Lugonu [**....]
Gold:   108        SH:  0    Dex: 11    Spells: 3/3 levels left

rFire    + . .     SeeInvis .   a - +1 hand axe
rCold    . . .     Gourm    .   (no shield)
rNeg     + . .     Faith    .   h - +0 scale mail
rPois    .         Spirit   .   d - +1 helmet
rElec    .         Reflect  .   (no cloak)
rCorr    .         Harm     .   (no gloves)
MR       .....                  (no boots)
Stlth    ..........             (no amulet)
HPRegen  0.13/turn              f - ring of protection from fire
MPRegen  0.10/turn              j - ring of positive energy

@: flying
A: low mp 1, MP-powered wands
a: Depart the Abyss, Bend Space, Renounce Religion


You were on level 5 of the Dungeon.
You worshipped Lugonu.
Lugonu was pleased with you.
You were not hungry.

You visited 1 branch of the dungeon, and saw 4 of its levels.
You visited the Abyss 1 time.

You collected 108 gold pieces.

Inventory:

Hand Weapons
 a - a +1 hand axe (weapon)
Armour
 b - a +0 leather armour
 d - a +1 helmet (worn)
 e - a +0 ring mail
 h - a +0 scale mail (worn)
Jewellery
 f - a ring of protection from fire (left hand)
 j - a ring of positive energy (right hand)
Wands
 g - a wand of disintegration (4)
Comestibles
 c - 8 rations


   Skills:
 - Level 3.6 Fighting
 + Level 4.7 Axes
 - Level 2.1 Armour
 - Level 0.7 Dodging
 + Level 4.5 Invocations


You had 3 spell levels left.
You didn't know any spells.
Your spell library was empty.

Dungeon Overview and Level Annotations

Branches:
Dungeon (3/15)

Altars:
Nemelex Xobeh

Annotations:
D:5 1 transporter


Innate Abilities, Weirdness & Mutations

Your magical capacity is low. (-10% MP)
You expend magic power (3 MP) to strengthen your wands.


Message History

The scorpion stings you but does no damage.
The jelly jiggles.
You hit the scorpion.
The scorpion is almost dead.
You completely miss the bullfrog zombie.
The bullfrog zombie barely misses you.
The scorpion stings you but does no damage.
You hit the scorpion but do no damage.
The scorpion is almost dead.
You hit the bullfrog zombie. The bullfrog zombie hits you.
* * * LOW HITPOINT WARNING * * *
The scorpion stings you but does no damage.
The bullfrog zombie hits you.
* * * LOW HITPOINT WARNING * * *
You hit the scorpion.
The scorpion is almost dead.
You hit the bullfrog zombie. You hit the jelly.
Your hands burn!
* * * LOW HITPOINT WARNING * * *
The scorpion stings you.
You die...

.# .# # #### .## .. ...
..# ###
#####.###..#.#8P#≈≈≈≈≈
#............#..#≈≈≈P≈
###...........©#©$+P≈P⌠≈
#.....♣♣s......#..#P;≈≈≈
#.....J@Z5.....#8P#;;≈≈≈
#.......♣...#..#########
#......♣....#...........
#...........#...........
.....?......#..§........
#.......#####.#########.
######## #


You could see a scorpion, a jelly, a crimson imp and a bullfrog zombie.

Vanquished Creatures
  A howler monkey skeleton (D:5)
  4 adders
  A dart slug (D:2)
  2 leopard geckos
  4 giant cockroaches
  4 goblins
  3 hobgoblins (D:1)
  4 bats
  3 frilled lizards
  9 kobolds
  4 rats
39 creatures vanquished.

Notes
Turn   | Place    | Note
-------+----------+-------------------------------------------
     0 | Abyss:1  | Curus the Hill Orc Abyssal Knight began the quest for the
                  | Orb.
     0 | Abyss:1  | Reached XP level 1. HP: 19/19 MP: 2/2
    19 | D:1      | Escaped the Abyss
   323 | D:1      | Reached XP level 2. HP: 18/26 MP: 4/4
   492 | D:1      | Reached ** piety under Lugonu
   620 | D:2      | Reached XP level 3. HP: 25/31 MP: 5/5
   897 | D:2      | Gained mutation: Your magical capacity is low. (-10% MP)
                  | [potion of mutation]
   897 | D:2      | Gained mutation: You expend magic power (3 MP) to
                  | strengthen your wands. [potion of mutation]
  1354 | D:3      | Reached XP level 4. HP: 25/39 MP: 6/6
  1665 | D:3      | Found a sparkling altar of Nemelex Xobeh.
  1804 | D:3      | You are sucked into a shaft and drop 2 floors!
  1804 | D:5      | Entered Level 5 of the Dungeon
  1804 | D:5      | Found a transporter.
  1831 | D:5      | HP: 1/39 [acid (3)]
  1831 | D:5      | Slain by a scorpion

Levels and vault maps discovered:
D:1:      lemuel_arrival_broad_hall, layout_basic
D:2:      layout_loops_ring, minivault_5
D:3:      layout_loops_cross, gammafunk_temple_overflow_forgotten,
          lemuel_round_altar, first_ration
D:5:      gammafunk_steamed_eel, layout_basic, chequers_garden,
          nicolae_ru_the_path_less_chosen

Skill      XL: |  1  2  3 |
---------------+----------+-----
Axes           | 3 4 |  4.7
Invocations    | 3 4 |  4.5
Fighting       | |  3.6
Armour         | |  2.1
Dodging        | |  0.7

Action                   |  1- 3 |  4- 6 || total
-------------------------+-------+-------++-------
Melee: Hand axe          |    97 |    51 ||   148
Invok: Bend Space        |       |     1 ||     1
  Use: Potion            |     7 |     2 ||     9
       Scroll            |     6 |       ||     6
  Eat: Chunk             |       |     3 ||     3
Armor: Leather armour    |    14 |       ||    14
       Ring mail         |    10 |       ||    10
       Scale mail        |     6 |    45 ||    51
Dodge: Dodged            |    90 |    34 ||   124
